General information
			
			
        
        - name: corr3
 
        - type: Custom game
 
        - host: greedoFthenoob
 
        - saver: greedoFthenoob
 
        
map: LostTemple 
        - players: 4
 
        - length: 22:42
 
        - speed: Fast
 - version: 1.22 W3XP
 - replay type:  Public
 
» download(87 KB)
Players
        team 1 (winner) 
              
              
greedoFthenoob (
pink | 95 APM | 2165 actions | 22:42)
              
 4 Archmage 
 2 Summon Water Elemental
 1 Brilliance Aura
 1 Blizzard
 3 Mountain King 
 2 Storm Bolt
 1 Bash
 
                » actions 
                
                | Assign group hotkey | 48 |  | 
| Basic commands | 77 |  | 
| Build / train | 95 |  | 
| ESC pressed | 2 |  | 
| Enter build submenu | 38 |  | 
| Enter hero's abilities submenu | 8 |  | 
| Right click | 935 |  | 
| Select / deselect | 555 |  | 
| Select group hotkey | 291 |  | 
| Use ability | 116 |  | 
                2165 total
 » units 
                
                | Peasant | 38 |  | 
| Footman | 12 |  | 
| Sorceress | 6 |  | 
| Priest | 2 |  | 
| Knight | 3 |  | 
| Spell Breaker | 1 |  | 
                62 total
 » upgrades
                
                | Masonry | 2 |  | 
| Sorceress Training | 2 |  | 
| Defend | 1 |  | 
| Animal War Training | 1 |  | 
| Priest Training | 2 |  | 
                8 total
 » buildings
                
                | Altar of Kings | 1 |  | 
| Farm | 15 |  | 
| Barracks | 3 |  | 
| Town Hall | 1 |  | 
| Lumber Mill | 1 |  | 
| Scout Tower | 13 |  | 
| Arcane Tower | 2 |  | 
| Arcane Vault | 1 |  | 
| Blacksmith | 1 |  | 
| Guard Tower | 7 |  | 
| Keep | 1 |  | 
| Arcane Sanctum | 2 |  | 
| Castle | 1 |  | 
                49 total
 » build order
                00:05 Altar of Kings
00:16 Farm
00:19 Barracks
00:56 Farm
01:34 Farm
04:08 Town Hall
05:14 Lumber Mill
05:28 Scout Tower
05:28 Scout Tower
05:43 Scout Tower
05:44 Scout Tower
05:47 Farm
06:07 Arcane Tower
06:17 Scout Tower
06:19 Scout Tower
07:14 Arcane Tower
07:44 Arcane Vault
07:47 Barracks
07:49 Blacksmith
08:37 Guard Tower
08:58 Barracks
09:12 Scout Tower
09:13 Scout Tower
09:41 Guard Tower
09:43 Guard Tower
09:45 Guard Tower
09:53 Farm
10:00 Scout Tower
10:02 Scout Tower
10:50 Guard Tower
10:53 Guard Tower
10:56 Keep
11:54 Farm
11:56 Farm
13:39 Scout Tower
13:40 Scout Tower
13:42 Scout Tower
14:00 Arcane Sanctum
14:02 Arcane Sanctum
14:09 Guard Tower
14:33 Farm
14:34 Farm
14:35 Farm
14:46 Farm
15:02 Castle
15:10 Farm
15:11 Farm
15:24 Farm
15:42 Farm
» items
                
                | Scroll of Regeneration | 2 |  | 
| Potion of Healing | 1 |  | 
| Scroll of Town Portal | 1 |  | 
                4 total
  
               team 2 (loser) 
              
              
ATOUCHOFHERLIPS (
teal | 114 APM | 2595 actions | 22:42)
              
 3 Far Seer 
 2 Feral Spirit
 1 Chain Lighting
 3 Shadow Hunter 
 1 Hex
 2 Healing Wave
 
                » actions 
                
                | Assign group hotkey | 159 |  | 
| Basic commands | 25 |  | 
| Build / train | 73 |  | 
| ESC pressed | 7 |  | 
| Enter build submenu | 21 |  | 
| Enter hero's abilities submenu | 6 |  | 
| Give item / drop item | 1 |  | 
| Remove unit from queue | 9 |  | 
| Right click | 979 |  | 
| Select / deselect | 419 |  | 
| Select group hotkey | 760 |  | 
| Use ability | 136 |  | 
                2595 total
 » units 
                
                | Peon | 4 |  | 
| Grunt | 7 |  | 
| Raider | 4 |  | 
| Spirit Walker | 1 |  | 
| Troll Batrider | 2 |  | 
| Shaman | 4 |  | 
| Tauren | 2 |  | 
                24 total
 » upgrades
                
                | Berserker Strength | 1 |  | 
| Ensnare | 1 |  | 
| Armor | 2 |  | 
| Melee Weapons | 2 |  | 
| Shaman Training | 2 |  | 
| Reinforced Defenses | 1 |  | 
| Pulverize | 1 |  | 
| Spirit Walker Training | 1 |  | 
                11 total
 » buildings
                
                | Altar of Storms | 1 |  | 
| Orc Burrow | 6 |  | 
| Barracks | 1 |  | 
| Voodoo Lounge | 1 |  | 
| Stronghold | 1 |  | 
| War Mill | 1 |  | 
| Beastiary | 1 |  | 
| Spirit Lodge | 1 |  | 
| Fortress | 1 |  | 
| Great Hall | 1 |  | 
| Tauren Totem | 2 |  | 
                17 total
 » build order
                00:05 Altar of Storms
00:21 Orc Burrow
00:36 Barracks
01:46 Orc Burrow
01:59 Voodoo Lounge
02:53 Stronghold
04:09 Orc Burrow
04:20 War Mill
05:32 Beastiary
08:13 Orc Burrow
09:25 Spirit Lodge
14:27 Fortress
15:17 Great Hall
15:25 Orc Burrow
15:28 Orc Burrow
17:57 Tauren Totem
18:01 Tauren Totem
» items
                
                | Healing Salve | 5 |  | 
| Lesser Clarity Potion | 6 |  | 
| Scroll of Speed | 3 |  | 
| Scroll of Town Portal | 2 |  | 
| Potion of Healing | 1 |  | 
                17 total
  
               refereesTheLeakestWink, 
jerund Chat log
          (00:11 / All) greedoFthenoob: ps fast expanding from right hand side
(00:11 / All) ATOUCHOFHERLIPS: gg gl sir
(00:23 / All) greedoFthenoob: 3pm
(00:25 / All) TheLeakestWink: whoa
(00:29 / All) ATOUCHOFHERLIPS: K
(00:32 / All) ATOUCHOFHERLIPS: IM 12
(00:37 / All) TheLeakestWink: that was pro
(00:42 / All) greedoFthenoob: what was
(00:51 / All) TheLeakestWink: wow did you see that
(00:53 / All) ATOUCHOFHERLIPS: ?
(00:54 / All) ATOUCHOFHERLIPS: ~~
(01:08 / All) TheLeakestWink: i was born playing this game
(01:48 / All) TheLeakestWink: wow his apm must be 300++
(02:53 / All) jerund: more like circlet of NOOBility
(03:04 / All) jerund: shit, did i just give something away
(03:09 / All) TheLeakestWink: more like GAYgel fireye
(03:29 / All) jerund: damn i think turk is fucked
(03:56 / All) jerund: go for the surround turk
(03:57 / All) TheLeakestWink: i think one of the players is winning
(04:35 / All) jerund: those wolves seem super annoying
(04:46 / All) jerund: pure rape for a mere 75 mana
(04:56 / All) TheLeakestWink: plz comment on the how annoying your opponent is
(05:05 / All) jerund: goddamn turk just got fucked
(06:00 / All) jerund: how come grunts are so much better than footmen
(06:03 / All) jerund: doesn't seem fair
(06:09 / All) ATOUCHOFHERLIPS: 200 GOLD
(06:21 / All) TheLeakestWink: why doesn't icefrog balance this better
(06:32 / All) jerund: seriously
(06:42 / All) jerund: turk cast blizzard
(06:47 / All) jerund: it's a good spell
(07:47 / All) jerund: i'm no grubby but i think turk is losing
(08:06 / All) jerund: wow way to newb the newb and let sh get away with 11 hp
(08:44 / All) TheLeakestWink: pro surrounds
(08:46 / All) jerund: ensnare 
(08:50 / All) jerund: yes
(08:53 / All) ATOUCHOFHERLIPS: WOOPS
(09:39 / All) jerund: are tauren good
(09:43 / All) jerund: they look pretty good
(09:45 / All) ATOUCHOFHERLIPS: NOT IN SOLO
(09:45 / All) TheLeakestWink: i hope so
(10:00 / All) TheLeakestWink: i hope they are as good as gryphons
(10:05 / All) ATOUCHOFHERLIPS: NICE DAMN TOWERS FAG
(10:29 / All) TheLeakestWink: yes
(10:34 / All) jerund: peasant is building a farm under duress
(10:46 / All) TheLeakestWink: hard to concentrate on not hitting ur thumb w/ hammer
(11:02 / All) greedoFthenoob: best of 5
(11:04 / All) jerund: turk i think you need a cannon tower at your expo
(11:08 / All) TheLeakestWink: when there's a battle rating
(11:10 / All) TheLeakestWink: raging*
(11:14 / All) ATOUCHOFHERLIPS: OK
(11:41 / All) jerund: turk when are you going to get defend
(11:55 / All) TheLeakestWink: defend rules vs orc
(12:00 / All) TheLeakestWink: always get it
(12:30 / All) TheLeakestWink: wow you don't see that unit very often
(12:34 / All) jerund: hey, ATOUCHOFHERLIPS, do you know how to pronounce ethereal
(12:41 / All) ATOUCHOFHERLIPS: NOPE
(12:50 / All) TheLeakestWink: me either
(12:53 / All) jerund: i don't think you should be allowed to use spiritwalkers if you don't know how to pronounce it
(13:14 / All) TheLeakestWink: whoa
(13:18 / All) ATOUCHOFHERLIPS: LUL
(13:41 / All) TheLeakestWink: ZERG RUSH
(13:45 / All) jerund: is massing footmen a good strategy
(13:57 / All) jerund: almost an epic surround
(14:17 / All) jerund: damn that wizard guy can't seem to catch a break
(14:29 / All) TheLeakestWink: it's because he's gay
(14:35 / All) TheLeakestWink: players type your gold in all chat
(14:36 / All) ATOUCHOFHERLIPS: TOWERING TURK
(14:41 / All) ATOUCHOFHERLIPS: 1755
(15:44 / All) TheLeakestWink: that's a unique strat
(16:01 / All) jerund: how come you took that spiritwalker out of eh-THEAR-ee-ul (eh-THAIR-ee-ul is also acceptable) form?
(16:12 / All) ATOUCHOFHERLIPS: WHY NOT
(16:16 / All) greedoFthenoob: WHAT IS THIS SHIT
(16:34 / All) TheLeakestWink: hmm why is he building that i wonder
(17:03 / All) jerund: turk is adopting the american strategy of war
(17:14 / All) jerund: wage senseless battles and sacrifice the good of the common man to do it
(17:15 / All) TheLeakestWink: the surge
(17:32 / All) jerund: look at his expo protecting all those towers with farms
(17:37 / All) ATOUCHOFHERLIPS: 4 GOT I HAD NO TP
(17:41 / All) greedoFthenoob: gg?
(17:47 / All) TheLeakestWink: protecting all those farms with towers mor elike
(17:47 / All) ATOUCHOFHERLIPS: ?
(18:10 / All) jerund: woah is turk winning
(18:12 / All) ATOUCHOFHERLIPS: IF U HIT NOW YES
(18:18 / All) jerund: you don't want to go there turk
(18:23 / All) jerund: you might discover an expo
(18:32 / All) TheLeakestWink: it's ok, he has an expo
(18:39 / All) ATOUCHOFHERLIPS: ^_^
(18:46 / All) jerund: is it wrong that i think sorceresses in pink are extra hot
(19:05 / All) TheLeakestWink: the tide has turned
(19:11 / All) jerund: ROLL TIDE
(19:19 / All) TheLeakestWink: RICK ROLL
(19:42 / All) TheLeakestWink: is disenchant a good spell
(19:46 / All) greedoFthenoob: lol
(19:47 / All) jerund: (i have equated turk to university of alabama at tuscaloosa's football team)
(20:04 / All) jerund: YES
(20:06 / All) jerund: BLIZZARD
(20:10 / All) TheLeakestWink: they are very similar in the way you have just stated
(20:33 / All) jerund: THANKG YOU FOR GETTING BLIZZARD TURK YOU HAVE MAD EMY DAY
(21:00 / All) jerund: woah those orc burrows look different
(21:05 / All) jerund: do they have some kind of pimp armor upgrade
(21:16 / All) TheLeakestWink: that's crazy ur crazy
(21:35 / All) TheLeakestWink: do cows give xperience
(21:41 / All) jerund: turk, you have enough mana for another blizzard
(21:51 / All) jerund: jesus christ man you could cast blizzard TWICE
(21:55 / All) jerund: HOLY SHIT A GIANT COW
(22:09 / All) TheLeakestWink: that cow is huge
(22:19 / All) ATOUCHOFHERLIPS: LUL
(22:28 / All) TheLeakestWink: don't have a cow man
(22:37 / All) ATOUCHOFHERLIPS: GG !_!